 Dungeon Crawl Stone Soup version 0.23.1-38-g628c18f (webtiles) character file.

Game seed: 16831657078433155680

11704 myga the Basher (level 11, -8/105 HPs)
             Began as a Troll Fighter on Mar 26, 2019.
             Was a Priest of Trog.
             Mangled by a catoblepas (10 damage)
             ... while petrified by you
             ... in a Gauntlet on Mar 28, 2019.
             The game lasted 01:13:05 (11296 turns).

myga the Basher (Troll Fighter)                    Turns: 11296, Time: 01:13:05

Health: -8/105     AC: 10    Str: 25 (26) XL:     11   Next: 52%
Magic:  11/11      EV:  1    Int:  2 (4)  God:    Trog [***...]
Gold:   150        SH:  0    Dex: 13 (14) Spells: 10/10 levels left

rFire    + + .     SeeInvis .   H - +3 mace
rCold    x . .     Gourm    +   c - +0 shield
rNeg     + + +     Faith    .   R - +1 troll leather armour
rPois    ∞         Spirit   .   (helmet restricted)
rElec    .         Reflect  +   K - +0 cloak of Wu Jian's Benevolence {rPois rF+ Dex+2 Stlth+} (curse)
rCorr    .         Harm     .   (gloves unavailable)
MR       .....     NoTele   +   (boots unavailable)
Stlth    +++.......             b - +6 amulet of reflection
HPRegen  1.07/turn              j - ring of fire
MPRegen  0.12/turn              e - ring of poison resistance

@: petrified, berserk cooldown, hasted
A: large, unfitting armour, claws 3, fast metabolism 3, gourmand, regeneration
1, shaggy fur 1, tough skin 3
a: Berserk, Trog's Hand, Renounce Religion


You were in a Gauntlet.
You worshipped Trog.
Trog was most pleased with you.
You were not hungry.

You visited 2 branches of the dungeon, and saw 11 of its levels.
You also visited: Bailey and Gauntlet.

You collected 984 gold pieces.
You spent 834 gold pieces at shops.

Inventory:

Hand Weapons
 H - a +3 mace (weapon)
 I - a +0 whip of holy wrath
 N - a +0 vampiric war axe
Missiles
 d - 7 tomahawks
 y - 21 tomahawks of returning (quivered)
 E - 84 stones
Armour
 c - a +0 shield (worn)
 K - the cursed +0 cloak of Wu Jian's Benevolence (worn) {rPois rF+ Dex+2 Stlth+}
   (You found it on level 9 of the Dungeon)

   It affects your dexterity (+2).
   It protects you from fire.
   It protects you from poison.
   It makes you more stealthy.
   It has a curse placed upon it.
 P - a +1 robe of resistance
 R - a +1 troll leather armour (worn)
Jewellery
 b - a +6 amulet of reflection (around neck)
 e - a ring of poison resistance (right claw)
 h - an uncursed amulet of guardian spirit
 j - a ring of fire (left claw)
 m - a +3 ring of intelligence
 v - an uncursed ring of teleportation
Wands
 o - a wand of random effects (12)
 p - a wand of disintegration (9)
 s - a wand of digging (6)
Scrolls
 n - 3 scrolls of teleportation
 q - 4 scrolls of remove curse
 A - a scroll of magic mapping
 F - a scroll of brand weapon {unknown}
Potions
 a - 3 potions of curing
 g - a potion of cancellation
 i - 2 potions of mutation
 k - 7 potions of brilliance
 z - 2 potions of magic
 C - a potion of degeneration
 D - a potion of resistance
Miscellaneous
 r - a phantom mirror
 O - a sack of spiders
Comestibles
 f - 14 rations


   Skills:
 + Level 5.8 Fighting
 + Level 9.8 Maces & Flails
 + Level 2.6 Throwing
 + Level 1.2 Armour
 + Level 7.2 Dodging
 + Level 2.2 Stealth
 + Level 8.5 Shields
 + Level 1.5 Evocations


You had 10 spell levels left.
You didn't know any spells.
Your spell library contained the following spells:

 Spells                   Type           Power        Failure   Level  Hunger
 Animate Skeleton         Necr           N/A          63%         1    ##.....
 Pain                     Necr           #...         63%         1    ##.....
 Sandblast                Erth           #.....       63%         1    ##.....
 Passwall                 Tmut/Erth      #.......     77%         2    ###....
 Poisonous Vapours        Pois/Air       #.....       77%         2    ###....
 Conjure Flame            Conj/Fire      #.......     94%         3    ####...
 Mephitic Cloud           Conj/Pois/Air  #.......     94%         3    ####...
 Regeneration             Chrm/Necr      #.........   94%         3    ####...
 Stone Arrow              Conj/Erth      #.....       94%         3    ####...
 Vampiric Draining        Necr           #.........   94%         3    ####...
 Animate Dead             Necr           N/A          100%        4    #####..
 Petrify                  Tmut/Erth      #.......     100%        4    #####..
 Lee's Rapid Deconstruct  Erth           #.........   100%        5    ######.
 Freezing Cloud           Conj/Ice/Air   #.........   100%        6    #######
 Ring of Flames           Chrm/Fire      #.........   100%        7    #######


Dungeon Overview and Level Annotations

Branches:
Dungeon (9/15)             Temple (0/1) D:6             Orc (2/2) D:9
    Elf (0/3) Orc:2
   Lair: D:8-11

Altars:
Ashenzari
Cheibriados
Dithmenos
Elyvilon
Gozag
Makhleb
Nemelex Xobeh
Okawaru
Ru
Sif Muna
Trog
Wu Jian
Xom

Shops:
Orc:1 }!

Annotations:
Gauntlet 11 transporters


Innate Abilities, Weirdness & Mutations

You are too large for most types of armour.
You have claws for hands.
Your metabolism is lightning-fast.
You like to eat raw meat.
Your natural rate of healing is unusually fast.
You are covered in fur. (AC +1)
You have extremely tough skin. (AC +3)


Message History

You are engulfed in calcifying dust.
The catoblepas breathes a plume of calcifying dust at you.
The blast of calcifying dust hits you but does no damage.
The catoblepas gores you!
* * * LOW HITPOINT WARNING * * *
The catoblepas breathes a plume of calcifying dust at you.
The blast of calcifying dust hits you!
* * * LOW HITPOINT WARNING * * *
You are engulfed in calcifying dust.
The catoblepas breathes a plume of calcifying dust at you.
The blast of calcifying dust hits you.
* * * LOW HITPOINT WARNING * * *
You are engulfed in calcifying dust.
The catoblepas gores you!!
* * * LOW HITPOINT WARNING * * *
You are engulfed in calcifying dust.
The catoblepas gores you but does no damage.
The catoblepas gores you!!
* * * LOW HITPOINT WARNING * * *
The catoblepas gores you!!
You die...

...P.#©#.©.#.#©#.......#.#.......
#..♣.#?.^.##.#.#########.#.♣..P♣.
##...####.##.#.#..##...#.#..PPP..
#≈...###....t#.#.#..)###.#..P♣..≈
≈≈.P.#########.#.#..#..#.#.PP..##
#≈.♣.........#©#©?#©#..#©#.♣..≈#
##...#########.#=.#..#.###...≈≈#
#≈...#.......#.###...#.#....####
≈≈...#....##2#.#@Y.##..#...≈#
#≈.♣.#[...##3#.#########..≈≈#
##...#©###©..#©#.........####
#≈...#!###...###.♣P♣P♣..≈#
≈≈...#[###.#.#....PP...≈≈#
#≈.♣.#.......#.♣.PPP..####
##.P.#########.P.PP..≈#
#≈..................≈≈#
≈≈≈#≈≈≈#≈≈≈#≈≈≈#≈≈≈####


You could see a cacodemon, a catoblepas, an apocalypse crab and a neqoxec.

Vanquished Creatures
  A catoblepas (D:9)
  An orc high priest (Orc:1)
  Pikel (D:9)
  6 orc knights
  An oklob plant (Gauntlet)
  An orc sorcerer (Orc:1)
  A gargoyle (Gauntlet)
  4 trolls
  Sigmund (D:3)
  4 hogs (D:7)
  A human (D:7)
  A warg (Orc:1)
  2 hungry ghosts (D:8)
  2 acid dragons (Gauntlet)
  5 orc warriors
  2 phantoms
  4 sky beasts
  7 ogres
  2 necrophages
  A centaur (D:6)
  4 bullfrogs
  2 scorpions
  10 wights
  3 crimson imps
  2 bullfrog zombies (D:5)
  A quasit (D:9)
  3 jellies
  A centaur zombie (D:5)
  4 bullfrog skeletons (D:5)
  7 hounds
  8 orc priests
  5 orc wizards
  A centaur skeleton (D:7)
  2 iguanas
  2 worker ants
  A killer bee zombie (D:6)
  2 worker ant zombies
  A howler monkey skeleton (D:5)
  A gnoll (Bailey)
  11 adders
  2 shadow imps
  An adder skeleton (D:4)
  A worm (D:2)
  A dart slug (D:3)
  7 leopard geckos
  49 orcs
  3 giant cockroaches
  9 hobgoblins
  7 jackals
  18 kobolds
  A quokka (D:5)
  6 bats
  3 frilled lizards
  11 goblins
  A jackal skeleton (D:5)
  A leopard gecko skeleton (D:4)
  A quokka skeleton (D:8)
  4 rats
245 creatures vanquished.

Vanquished Creatures (others)
  2 slaves (D:9)
  A black bear (D:9)
  A hound (D:9)
  A worker ant (D:9)
  3 kobolds (Bailey)
8 creatures vanquished.

Grand Total: 253 creatures vanquished

Notes
Turn   | Place    | Note
-------+----------+-------------------------------------------
     0 | D:1      | myga the Troll Fighter began the quest for the Orb.
     0 | D:1      | Reached XP level 1. HP: 22/22 MP: 0/0
   236 | D:1      | Reached XP level 2. HP: 29/29 MP: 1/1
   996 | D:2      | Reached skill level 2 in Maces & Flails
  1056 | D:2      | Found a burning altar of Makhleb.
  1335 | D:2      | Reached XP level 3. HP: 25/36 MP: 2/2
  1494 | D:2      | Found a shattered altar of Ashenzari.
  1507 | D:2      | Found a sparkling altar of Nemelex Xobeh.
  1896 | D:3      | Reached XP level 4. HP: 37/44 MP: 3/3
  2016 | D:3      | Found a shimmering altar of Xom.
  2162 | D:3      | Noticed Sigmund
  2180 | D:3      | Killed Sigmund
  2180 | D:3      | Reached skill level 3 in Maces & Flails
  2180 | D:3      | Reached XP level 5. HP: 15/53 MP: 4/4
  2409 | D:3      | Reached XP level 6. HP: 61/61 MP: 5/5
  2680 | D:3      | Found a sacrificial altar of Ru.
  2785 | D:4      | Found an ornate altar of the Wu Jian Council.
  2812 | D:4      | Reached skill level 4 in Maces & Flails
  2838 | D:4      | Found a shadowy altar of Dithmenos.
  2950 | D:4      | Reached XP level 7. HP: 64/67 MP: 6/6
  3024 | D:4      | Found a deep blue altar of Sif Muna.
  3377 | D:5      | Entered Level 5 of the Dungeon
  3615 | D:5      | Found an opulent altar of Gozag.
  3627 | D:5      | Reached skill level 5 in Maces & Flails
  3783 | D:5      | Got a crude helmet
  3929 | D:5      | Found a bloodstained altar of Trog.
  3930 | D:5      | Found an iron altar of Okawaru.
  3942 | D:5      | Became a worshipper of Trog the Wrathful
  4120 | D:5      | Reached XP level 8. HP: 78/78 MP: 7/7
  4683 | D:6      | Reached skill level 6 in Maces & Flails
  4683 | D:6      | Reached skill level 5 in Shields
  4843 | D:6      | Found a staircase to the Ecumenical Temple.
  4988 | D:6      | Reached skill level 5 in Dodging
  5136 | D:7      | Reached * piety under Trog
  5206 | D:7      | Found a flagged portal.
  5211 | Bailey   | Entered a bailey
  5216 | Bailey   | Noticed an orc warlord
  5361 | Bailey   | Noticed an orc knight
  5377 | Bailey   | Killed an orc knight
  5377 | Bailey   | Reached skill level 7 in Maces & Flails
  5377 | Bailey   | Reached XP level 9. HP: 85/85 MP: 8/8
  5424 | Bailey   | Found a runed translucent gate.
  5424 | Bailey   | Found a runed translucent gate.
  5424 | Bailey   | Found a runed translucent gate.
  5480 | Bailey   | Reached skill level 1 in Throwing
  5845 | D:7      | Found a shattered altar of Ashenzari.
  5867 | D:7      | Reached ** piety under Trog
  6208 | D:7      | Reached skill level 1 in Stealth
  6219 | D:7      | Reached skill level 8 in Maces & Flails
  6480 | D:8      | Found a white marble altar of Elyvilon.
  6640 | D:8      | Found a snail-covered altar of Cheibriados.
  6676 | D:8      | Reached XP level 10. HP: 63/94 MP: 9/9
  7253 | D:9      | Noticed Pikel
  7267 | D:9      | Killed Pikel
  7267 | D:9      | Reached skill level 5 in Fighting
  7302 | D:9      | Got a spiked cloak
  7319 | D:9      | Identified the cursed +0 cloak of Wu Jian's Benevolence
                  | {rPois rF+ Dex+2 Stlth+} (You found it on level 9 of the
                  | Dungeon)
  7346 | D:9      | Noticed a catoblepas
  7388 | D:8      | Paralysed by fainting for 9 turns
  7488 | D:9      | Killed a catoblepas
  7488 | D:9      | Reached skill level 9 in Maces & Flails
  7906 | D:9      | Found a staircase to the Orcish Mines.
  7910 | Orc:1    | Entered Level 1 of the Orcish Mines
  7952 | Orc:1    | Found Deelatuxt's Distillery.
  7953 | Orc:1    | Noticed an orc knight
  7955 | Orc:1    | Noticed an orc knight
  7956 | Orc:1    | Noticed an orc sorcerer
  7956 | Orc:1    | Noticed an orc high priest
  7958 | Orc:1    | Noticed an orc knight
  7959 | Orc:1    | Noticed an orc knight
  7961 | Orc:1    | Noticed an orange demon
  7966 | Orc:1    | Killed an orc knight
  7973 | Orc:1    | Killed an orc high priest
  7978 | Orc:1    | Killed an orc sorcerer
  7978 | Orc:1    | Reached XP level 11. HP: 104/104 MP: 10/10
  8073 | Orc:1    | Reached skill level 1 in Evocations
  8212 | Orc:1    | Reached *** piety under Trog
  8747 | Orc:1    | Found Yris's Gadget Shop.
  8767 | Orc:1    | Killed an orc knight
  8994 | Orc:1    | Killed an orc knight
  9075 | Orc:1    | Killed an orc knight
  9234 | Orc:1    | Bought a potion of berserk rage for 90 gold pieces
  9237 | Orc:1    | Bought a wand of disintegration (12) for 240 gold pieces
  9237 | Orc:1    | Bought a phantom mirror for 450 gold pieces
  9273 | Orc:1    | Noticed an orc knight
  9308 | Orc:1    | Killed an orc knight
  9352 | Orc:1    | Bought a potion of flight for 54 gold pieces
  9482 | Orc:2    | Entered Level 2 of the Orcish Mines
  9484 | Orc:2    | Found a gate leading to a gauntlet.
  9484 | Orc:2    | Found a staircase to the Elven Halls.
  9499 | Gauntlet | Entered a Gauntlet
  9499 | Gauntlet | Found a transporter.
  9499 | Gauntlet | Noticed an oklob plant
  9510 | Gauntlet | Found a transporter.
  9510 | Gauntlet | Found a transporter.
  9518 | Gauntlet | Found a transporter.
  9520 | Gauntlet | Found a transporter.
  9524 | Gauntlet | Noticed a death yak
  9524 | Gauntlet | Noticed a death yak
  9525 | Gauntlet | Noticed a death yak
  9527 | Gauntlet | Noticed a necromancer
  9529 | Gauntlet | Found a transporter.
  9542 | Gauntlet | Noticed a sixfirhy
  9542 | Gauntlet | Noticed a sixfirhy
  9542 | Gauntlet | Noticed a sixfirhy
  9545 | Gauntlet | Found a transporter.
  9555 | Gauntlet | Found a transporter.
  9563 | Gauntlet | Noticed a cacodemon
  9565 | Gauntlet | Found a transporter.
  9570 | Gauntlet | Found a transporter.
  9570 | Gauntlet | Found a transporter.
  9598 | Gauntlet | Found a transporter.
  9598 | Gauntlet | Found a transporter.
  9651 | Gauntlet | Found a transporter.
  9655 | Gauntlet | Noticed a catoblepas
  9664 | Gauntlet | Found a runed translucent door.
  9727 | Gauntlet | Upgraded the game from 0.23.1-37-gaa34b87 to
                  | 0.23.1-38-g628c18f
 11131 | Gauntlet | Killed an oklob plant
 11131 | Gauntlet | Reached skill level 1 in Armour
 11282 | Gauntlet | HP: 4/105 [catoblepas (13)]
 11295 | Gauntlet | HP: 1/105 [catoblepas (11)]
 11296 | Gauntlet | Mangled by a catoblepas

Skill      XL: |  1  2  3  4  5  6  7  8  9 10 11 |
---------------+----------------------------------+-----
Maces & Flails | 2 3 4 5 7 8 9 |  9.8
Dodging        | 3 4 5 6 7 |  7.2
Shields        | 3 4 5 6 7 8 |  8.5
Fighting       | 3 4 5 |  5.8
Throwing       | 1 2 |  2.6
Stealth        | 1 2 |  2.2
Evocations     | 1 |  1.5
Armour         | 1 |  1.2

Action                   |  1- 3 |  4- 6 |  7- 9 | 10-12 || total
-------------------------+-------+-------+-------+-------++-------
Melee: Flail             |    66 |       |       |       ||    66
       Mace              |    62 |   191 |   568 |   343 ||  1164
Throw: Tomahawk          |       |       |    25 |    26 ||    51
Invok: Berserk           |       |       |     6 |    12 ||    18
       Trog's Hand       |       |       |       |     2 ||     2
Evoke: Wand              |       |       |       |    20 ||    20
       Sack of spiders   |       |       |       |     4 ||     4
  Use: Scroll            |     3 |     5 |     3 |     7 ||    18
       Potion            |     1 |     3 |     2 |    14 ||    20
 Stab: Sleeping          |     1 |       |     2 |     3 ||     6
       Petrified         |       |       |       |     4 ||     4
       Petrifying        |       |       |       |     1 ||     1
  Eat: Chunk             |    15 |    18 |    43 |    42 ||   118
       Ration            |       |       |       |     5 ||     5
Armor: Robe              |    61 |    59 |   103 |    42 ||   265
       Skin              |       |    15 |       |       ||    15
       Troll leather arm |       |       |       |    18 ||    18
Dodge: Dodged            |    54 |    51 |   136 |   110 ||   351
Block: Shield            |    68 |   104 |   436 |   321 ||   929
       Reflection        |       |       |    25 |    10 ||    35
